 Seeded DCSS version 0.28.0-62-gf88900778d (webtiles) character file.

Game seed: 13591998346360536447 (custom seed)

7 Psyclone the Conjurer (level 2, 19/19 HPs)
             Began as a Gnoll Conjurer on Oct 29, 2023.
             Quit the game on level 2 of the Dungeon.
             The game lasted 00:00:24 (492 turns).

Psyclone the Conjurer (Gnoll Conjurer)               Turns: 492, Time: 00:00:25

Health: 19/19      AC:  2    Str:  6    XL:     2   Next: 0%
Magic:  7/7        EV: 13    Int: 17    God:
Gold:   29         SH:  0    Dex: 10    Spells: 9/10 levels left

rFire   . . .      SeeInvis .   (no weapon)
rCold   . . .      Faith    .   (no shield)
rNeg    . . .      Spirit   .   a - +0 robe
rPois   .          Reflect  .   (no helmet)
rElec   .          Harm     .   (no cloak)
rCorr   .          Rampage  .   (no gloves)
Will    .....                   (no boots)
Stlth   ++........              (no amulet)
HPRegen 0.06/turn               (no ring)
MPRegen 0.10/turn               (no ring)

@: no status effects
A: fangs 1, strong nose, distributed training
a: no special abilities


You were on level 2 of the Dungeon.
You visited 1 branch of the dungeon, and saw 2 of its levels.

You collected 29 gold pieces.

Inventory:

Armour
 a - a +0 robe (worn)
 b - a +2 helmet of intelligence
 d - the +3 warlock's mirror {reflect}
   (You acquired it on level 2 of the Dungeon)

   It can block and reflect piercing ranged attacks and magical attacks against
   the wielder's willpower.
Scrolls
 c - a scroll of acquirement


   Skills:
 + Level 0.2 Fighting
 + Level 0.2 Short Blades
 + Level 0.2 Long Blades
 + Level 0.2 Axes
 + Level 0.2 Maces & Flails
 + Level 0.2 Polearms
 + Level 0.2 Staves
 + Level 0.2 Slings
 + Level 0.2 Bows
 + Level 0.2 Crossbows
 + Level 0.2 Throwing
 + Level 0.2 Armour
 + Level 4.4 Dodging
 + Level 4.0 Stealth
 + Level 0.2 Shields
 + Level 0.2 Unarmed Combat
 + Level 4.9 Spellcasting
 + Level 7.0 Conjurations
 + Level 0.1 Hexes
 + Level 0.1 Summonings
 + Level 0.1 Necromancy
 + Level 0.1 Translocations
 + Level 0.1 Transmutations
 + Level 0.1 Fire Magic
 + Level 0.1 Ice Magic
 + Level 0.1 Air Magic
 + Level 0.1 Earth Magic
 + Level 0.1 Poison Magic
 + Level 0.3 Invocations
 + Level 0.2 Evocations


You had 9 spell levels left.
You knew the following spells:

 Your Spells              Type           Power      Damage    Failure   Level
a - Magic Dart            Conj           100%       1d8       1%          1

Your spell library contained the following spells:

 Spells                   Type           Power      Damage    Failure   Level
 Searing Ray              Conj           56%        2d6       1%          2
 Dazzling Flash           Conj/Hex       32%        N/A       10%         3
 Fulminant Prism          Conj/Hex       8%         3d7       32%         4
 Iskenderun's Mystic Bla  Conj/Tloc      16%        2d5       32%         4


Dungeon Overview and Level Annotations

Branches:
Dungeon (2/15)

Altars:


Innate Abilities, Weirdness & Mutations

You have very sharp teeth.
Your uncanny sense of smell can sniff out nearby items.
Your experience applies equally to all skills.


Message History

Unknown command.
There is an escape hatch in the floor here.
The ball python hisses angrily.
There is a stone staircase leading down here.
MP restored: 7 The ball python bites you but does no damage.
The ball python closely misses you.
You climb downwards.
Found a hunting sling and 6 gold pieces.
There is a stone staircase leading up here.
You now have 20 gold pieces (gained 6).
Found 9 gold pieces.
Found 2 scrolls of acquirement.
You now have 29 gold pieces (gained 9).
c - 2 scrolls of acquirement Health restored: 19 Something appears at your feet!
d - the +3 warlock's mirror {reflect}
Casting: Magic Dart (safe; 1% risk of failure)
Confirm with . or Enter, or press ? or * to list all spells.
You can't see any susceptible monsters within range! (Use Z to cast anyway.) Unknown command.
Casting: Magic Dart (safe; 1% risk of failure)
Confirm with . or Enter, or press ? or * to list all spells.
You can't see any susceptible monsters within range! (Use Z to cast anyway.) Unknown command.
Casting: Magic Dart (safe; 1% risk of failure)
Confirm with . or Enter, or press ? or * to list all spells.
You can't see any susceptible monsters within range! (Use Z to cast anyway.) Unknown command.
You aren't carrying any potions.
Aiming: Magic Dart (safe; 1% risk of failure)
Press: ? - help, Q - select action Shift-Dir - straight line
Okay, then.
Unknown command.
Unknown command.
Unknown command.
Unknown command.
Unknown command.
Are you sure you want to abandon this character and quit the game? (Confirm with "yes".)

...
#.#
#.#
###.
#.#
^.#
#.
#.#
#.
#.#
#.#
#.#
#.#
##.##
#..@#
##.##
#.#
#..
#..#
#..#
#..#
#..#
∆#..#


There were no monsters in sight!

Vanquished Creatures
  3 jackals (D:1)
  A kobold (D:1)
  2 rats (D:1)
6 creatures vanquished.

Notes
Turn   | Place    | Note
-------+----------+-------------------------------------------
     0 | D:1      | Psyclone the Gnoll Conjurer began the quest for the Orb.
     0 | D:1      | Reached XP level 1. HP: 13/13 MP: 6/6
   296 | D:2      | Identified a scroll of acquirement
   296 | D:2      | Acquired a +2 helmet of intelligence
   360 | D:1      | Reached XP level 2. HP: 16/19 MP: 5/7
   481 | D:2      | Acquired the +3 warlock's mirror {reflect}
   481 | D:2      | Found the +3 warlock's mirror {reflect}
   492 | D:2      | Quit the game

Illustrated notes

Levels and vault maps discovered:
D:1:      wander_arrival_fairy_ring, layout_basic, chequers_serial_rivers_room_a
D:2:      layout_loops_ring, shapermc_ecumenical_altar_venn, uniq_natasha

Action                   || total
-------------------------++-------
Melee: Unarmed           ||     2
 Cast: Magic Dart        ||     7
  Use: Scroll            ||     2
Armor: Robe              ||     1
Dodge: Dodged            ||     2
